Map: Orbital Shipyard

Players

noseknowsall

  • Race: Protoss Protoss
  • League: Diamond

A.I. 1 (Very Easy) - Winner!

  • Race: Zerg Zerg

VOD

Have the link to the VOD?

Description

Time

  • Played on: Jan. 31, 2016, 12:59 p.m.
  • Length: 7:04
Show
View Real Time Build Order
Export as new Build Order

noseknowsall Protoss 

Build Orders: Nexus First 

Get SALT Encoding   

  12  0:01  Probe (Chrono Boost)  
  13  0:11  Probe (Chrono Boost)  
  14  0:19  Pylon  
  14  0:22  Probe (Chrono Boost)  
  15  0:37  Probe (Chrono Boost)  
  16  0:48  Probe (Chrono Boost)  
  17  0:59  Nexus  
  17  1:01  Probe (Chrono Boost)  
  18  1:12  Gateway  
  18  1:15  Probe (Chrono Boost)  
  19  1:20  Assimilator  
  20  1:25  Probe (Chrono Boost)  
  20  1:27  Assimilator  
  20  1:36  Probe (Chrono Boost)  
  21  1:45  Gateway  
  21  1:47  Probe (Chrono Boost)  
  22  1:58  Probe (Chrono Boost)  
  23  2:01  Cybernetics Core  
  23  2:11  Probe (Chrono Boost)  
  23  2:15  Probe (Chrono Boost)  
  25  2:22  Probe (Chrono Boost)  
  26  2:25  Probe (Chrono Boost)  
  27  2:32  Probe (Chrono Boost)  
  27  2:36  Probe (Chrono Boost)  
  29  2:37  Adept (Chrono Boost)  
  29  2:40  Adept (Chrono Boost)  
  29  2:41  Warp Gate  
  34  2:45  Mothership Core (Chrono Boost)  
  34  2:49  Pylon  
  35  2:52  Probe  
  36  3:03  Probe  
  36  3:05  Probe  
  38  3:11  Adept (Chrono Boost)  
  42  3:13  Probe  
  42  3:15  Adept (Chrono Boost)  
  43  3:25  Pylon  
  43  3:26  Probe  
  43  3:27  Probe  
  45  3:36  Probe  
  46  3:43  Probe  
  46  3:44  Nexus  
  46  3:47  Probe  
  47  3:50  Sentry (Chrono Boost)  
  47  3:54  Sentry (Chrono Boost)  
  47  3:55  Probe  
  53  3:56  Pylon  
  53  3:58  Probe  
  54  4:03  Assimilator  
  54  4:08  Assimilator  
  54  4:14  Probe  
  55  4:18  Sentry (Chrono Boost)  
  55  4:21  Stargate, Probe  
  58  4:26  Probe  
  58  4:30  Stargate  
  59  4:32  Pylon, Probe  
  60  4:38  Probe  
  61  4:48  Pylon  
  61  4:51  Pylon  
  61  4:52  Probe  
  61  4:53  Pylon, Probe  
  61  4:56  Pylon  
  61  4:57  Probe  
  64  5:02  Probe  
  64  5:05  Probe  
  64  5:06  Phoenix (Chrono Boost)  
  68  5:08  Probe  
  68  5:13  Probe, Phoenix (Chrono Boost)  
  71  5:17  Probe  
  71  5:20  Probe  
  74  5:23  Probe  
  74  5:24  Gateway  
  74  5:27  Gateway  
  75  5:29  Assimilator, Probe, Phoenix (Chrono Boost)  
  75  5:32  Probe  
  75  5:34  Assimilator, Probe  
  75  5:35  Phoenix (Chrono Boost)  
  82  5:41  Probe  
  83  5:45  Probe  
  83  5:47  Probe  
  85  5:50  Phoenix (Chrono Boost)  
  89  5:57  Phoenix (Chrono Boost)  
  89  5:59  Pylon x2, Probe  
  89  6:00  Probe x2  
  92  6:05  Twilight Council  
  92  6:08  Robotics Facility  
  92  6:10  Forge, Pylon  
  92  6:15  Phoenix (Chrono Boost)  
  94  6:19  Phoenix (Chrono Boost)  
  94  6:21  Probe  
  94  6:22  Probe  
  98  6:31  Adept x2  
  98  6:32  Adept x2  
  106  6:50  Templar Archives  
  106  6:53  Pylon  
  106  6:54  Adept x4  
Show
View Real Time Build Order
Export as new Build Order

A.I. 1 (Very Easy) Zerg - Winner!

Build Orders: Pool Only 

Get SALT Encoding   

  12  0:00  Drone  
  13  0:12  Overlord  
  13  0:17  Drone  
  14  0:35  Spawning Pool  
  14  0:37  Extractor  
  14  0:39  Drone  
  13  0:46  Drone  
  14  0:51  Overlord  
  14  1:22  Queen  
  14  1:23  Zergling x2  
  17  1:31  Roach Warren  
  16  1:33  Extractor  
  16  1:37  Drone  
  16  1:44  Drone  
  17  1:50  Zergling x2  
  18  2:02  Drone  
  19  2:10  Drone  
  20  2:17  Zergling x2  
  20  2:20  Drone  
  22  2:29  Overlord  
  22  2:32  Drone  
  23  2:39  Drone  
  24  2:44  Roach  
  24  2:46  Drone  
Tags
 
Add a new tag
Caveats
  • Supply blocks, unpowered buildings, or Contaminate may cause inaccurate times.
  • Supply counts are checked every 10 seconds.